 Dungeon Crawl Stone Soup version 0.28.0 (webtiles) character file.

Game seed: 10559076817503140889

2602 hikkokomori the Sneak (level 9, -1/58 (72) HPs)
             Began as a Formicid Fighter on Feb 9, 2022.
             Was a Priest of Dithmenos.
             Killed by vampiric draining
             ... invoked by a vampire
              (13 damage)
             ... on level 7 of the Dungeon on Feb 10, 2022.
             The game lasted 00:17:38 (7268 turns).

hikkokomori the Sneak (Formicid Fighter)            Turns: 7268, Time: 00:17:38

HP:   -1/58 (72)    AC: 15    Str: 21 (24) XL:     9   Next: 90%
MP:   9/9           EV: 10    Int: 16 (19) God:    Dithmenos [***...]
Gold: 360           SH:  0    Dex:  9 (10) Spells: 6/8 levels left

rFire   + . .      SeeInvis +   t - +0 halberd
rCold   . . .      Faith    .   c - +0 buckler
rNeg    . . .      Spirit   .   k - +6 leather armour of Servitude {rF+}
rPois   .          Reflect  .   (helmet unavailable)
rElec   +          Harm     .   q - +0 cloak
rCorr   .          Rampage  .   (no gloves)
Will    .....                   C - +0 pair of boots of Fugotew {rElec}
Stlth   ++........              y - amulet "Teli Yje" {RegenMP Int+4}
HPRegen 0.19/turn               e - +6 ring of intelligence
MPRegen 0.51/turn               F - +4 ring of protection

@: confused, ambrosia-drunk, wreathed by umbra, heavily drained
A: permanent stasis, dig shafts and tunnels, antennae 3, four strong arms
a: Dig, Shaft Self, Renounce Religion, Shadow Step


You were on level 7 of the Dungeon.
You worshipped Dithmenos.
Dithmenos was most pleased with you.
You visited 1 branch of the dungeon, and saw 7 of its levels.

You collected 360 gold pieces.

Inventory:

Hand Weapons
 a - a +0 quarterstaff
 t - a +0 halberd (weapon)
 D - a +0 arbalest
Missiles
 d - 121 arrows
 i - a throwing net
Armour
 b - a +0 scale mail
 c - a +0 buckler (worn)
 k - the +6 leather armour of Servitude (worn) {rF+}
   (You found it on level 2 of the Dungeon)

   rF:        It protects you from fire.
 p - a +0 pair of boots
 q - a +0 cloak (worn)
 A - a +0 plate armour
 C - the +0 pair of boots of Fugotew (worn) {rElec}
   (You found it on level 5 of the Dungeon)

   rElec:     It insulates you from electricity.
 E - the +0 robe "Lufeogoy" {-Tele Str+6 Archmagi}
   (You found it on level 6 of the Dungeon)

   Str:       It affects your strength (+6).
   -Tele:     It prevents most forms of teleportation.
   Archmagi:  It increases the power of your magical spells.
Jewellery
 e - a +6 ring of intelligence (left hand)
 y - the amulet "Teli Yje" (around neck) {RegenMP Int+4}
   (You found it on level 4 of the Dungeon)

   [amulet of magic regeneration]

   It increases your rate of magic regeneration.
   Int:       It affects your intelligence (+4).
 B - an amulet of magic regeneration
 F - a +4 ring of protection (right hand)
Scrolls
 f - a scroll of torment {unknown}
 h - 2 scrolls of noise
 j - 3 scrolls of fog
 l - 3 scrolls of blinking
 n - 3 scrolls of vulnerability
 o - a scroll of enchant weapon {unknown}
 r - 3 scrolls of teleportation
 s - 2 scrolls of fear
 u - a scroll of amnesia
 v - 2 scrolls of magic mapping
Potions
 g - a potion of cancellation
 m - 2 potions of haste
 w - a potion of flight
 z - 3 potions of ambrosia


   Skills:
 + Level 7.6 Fighting
 + Level 5.6(6.0) Polearms
 - Level 2.9(4.6) Staves
 - Level 3.6 Armour
 + Level 7.8 Stealth
 - Level 4.0 Shields
 + Level 4.8 Transmutations
 + Level 5.2 Earth Magic


You had 6 spell levels left.
You knew the following spells:

 Your Spells              Type           Power      Damage    Failure   Level
a - Passwall              Tmut/Erth      13%        N/A       7%          2

Your spell library contained the following spells:

 Spells                   Type           Power      Damage    Failure   Level
 Sandblast                Erth           32%        2d9       4%          1
 Animate Skeleton         Necr           0%         N/A       34%         1
 Apportation              Tloc           0%         N/A       34%         1
 Summon Small Mammal      Summ           0%         N/A       34%         1
 Stone Arrow              Conj/Erth      16%        3d8       36%         3
 Static Discharge         Conj/Air       0%         N/A       47%         2
 Dazzling Flash           Conj/Hex       0%         N/A       71%         3
 Agony                    Necr           0%         N/A       100%        5
 Fireball                 Conj/Fire      0%         3d3       100%        5
 Iskenderun's Battlesphe  Conj           0%         2d6       100%        5
 Lightning Bolt           Conj/Air       0%         1d11      100%        5
 Silence                  Hex/Air        0%         N/A       100%        5
 Conjure Ball Lightning   Conj/Air       0%         3x3d6     100%        6
 Starburst                Conj/Fire      0%         6d3       100%        6
 Orb of Destruction       Conj           0%         9d5       100%        7
 Ignition                 Fire           0%         3d3       100%        8
 Maxwell's Capacitive Co  Air            0%         ∞         100%        8


Dungeon Overview and Level Annotations

Branches:
Dungeon (7/15)             Temple (0/1) D:7

Altars:
Dithmenos
Uskayaw
Vehumet
Wu Jian

Shops:
D:4 *   D:5 (


Innate Abilities, Weirdness & Mutations

You cannot be hasted, slowed, berserked, paralysed or teleported.
You can dig through walls and to a lower floor.
You have a pair of large antennae on your head. (SInv)
Your four strong arms can wield two-handed weapons with a shield.


Message History

The vampire bites you!
* * * LOW HITPOINT WARNING * * *
The vampire draws strength from your injuries!
The vampire barely misses you.
The vampire bites you but does no damage.
Casting: Passwall (safe; 5% risk of failure)
Confirm with . or Enter, or press ? or * to list all spells.
Aiming: Passwall (safe; 5% risk of failure)
Press: ? - help, Dir - move target A rock wall.
This square is wreathed by an umbra.
You block the vampire's attack.
The vampire bites you but does no damage.
You begin to meditate on the wall.
You continue meditating on the rock.
The vampire barely misses you. You block the vampire's attack.
You continue meditating on the rock.
The vampire hits you with a +5 dagger of draining.
* * * LOW HITPOINT WARNING * * *
You feel drained.
* * * LOW HITPOINT WARNING * * *
The vampire barely misses you.
You finish merging with the rock.
s - 2 scrolls of fear (gained 1)
Things that are here:
a +0 short sword; an orc corpse The vampire points at you and mumbles some strange words.
You are confused.
It was a potion of degeneration.
There was something very wrong with that liquid.
You feel weakened.
You feel dopey.
You feel clumsy.
It was a potion of magic.
Magic courses through your body.
You are more confused.
You feel invigorated.
The vampire hits you with a +5 dagger of draining!
* * * LOW HITPOINT WARNING * * *
You feel drained.
* * * LOW HITPOINT WARNING * * *
The vampire closely misses you.
You bump into the rock wall.
The vampire draws life force from you!
You die...

#..# ##...# ...###....# .
#.##..##.. #.# #.#..#####
#####.###...## # .........### #
#####........## #
###########...V..####...#######
#.......#..)..@.## ##.......##
##.####.#.#.##### #.#####...
#..###...#.# #.#....##.
##.....#...# #.#....###
########..# #.#...†##. #..##
#####.#.......
############...#####..........###
#......#.........##..###.#....# #
#......#............## #.#....# #


You could see a vampire (invisible).

Vanquished Creatures
  Pikel (D:7)
  The ghost of Fractals the Chucker, an amateur OgHu (D:3)
  A yak (D:4)
  A steam dragon (D:6)
  Duvessa (D:6)
  An ice beast (D:6)
  A sky beast (D:6)
  A black bear (D:7)
  An orc warrior (D:7)
  2 centaurs (D:6)
  2 phantoms
  4 scorpions
  Dowan (D:6)
  A howler monkey (D:6)
  An orc priest (D:6)
  A bullfrog skeleton (D:6)
  3 hounds
  A jelly (D:6)
  An iguana (D:4)
  5 orc wizards
  A scorpion zombie (D:5)
  A statue (D:5)
  7 gnolls
  8 adders
  A river rat (D:3)
  A shadow imp (D:6)
  2 white imps
  An ufetubus (D:6)
  An adder skeleton (D:4)
  A worm (D:3)
  2 dart slugs
  17 orcs
  4 bats
  2 giant cockroaches
  9 goblins
  6 hobgoblins
  5 quokkas
  6 ball pythons
  4 frilled lizards
  6 kobolds
  4 rats
  A bush (D:1)
121 creatures vanquished.

Vanquished Creatures (others)
  3 plants (D:1)
3 creatures vanquished.

Grand Total: 124 creatures vanquished

Notes
Turn   | Place    | Note
-------+----------+-------------------------------------------
     0 | D:1      | hikkokomori the Formicid Fighter began the quest for the
                  | Orb.
     0 | D:1      | Reached XP level 1. HP: 18/18 MP: 1/1
   103 | D:1      | Found a faded altar of an unknown god.
   125 | D:1      | Prayed at the altar of an unknown god.
   125 | D:1      | Became a worshipper of Dithmenos the Shadowed
   125 | D:1      | Reached * piety under Dithmenos
   131 | D:1      | Reached XP level 2. HP: 22/24 MP: 2/2
   532 | D:1      | Reached XP level 3. HP: 29/29 MP: 3/3
   972 | D:2      | Identified the +6 leather armour of Servitude {rF+}
  1510 | D:3      | Reached skill level 1 in Stealth
  1663 | D:3      | Found a runed translucent door.
  1664 | D:3      | Noticed Fractals's ghost (amateur OgHu)
  1810 | D:3      | Reached XP level 4. HP: 37/37 MP: 4/4
  1837 | D:3      | Reached ** piety under Dithmenos
  2230 | D:3      | Found a runed translucent door.
  2399 | D:3      | Reached XP level 5. HP: 24/42 MP: 5/5
  2408 | D:3      | Killed Fractals's ghost
  2409 | D:3      | Reached XP level 6. HP: 14/50 MP: 6/6
  2439 | D:3      | Reached skill level 5 in Fighting
  2782 | D:4      | Found Vaeggyn's General Store.
  2814 | D:4      | Reached XP level 7. HP: 34/56 MP: 7/7
  3566 | D:4      | Found a hide-covered altar of Uskayaw.
  3730 | D:4      | Reached skill level 5 in Stealth
  3940 | D:4      | Identified the amulet "Teli Yje" {RegenMP Int+4}
  4015 | D:4      | Learned a level 2 spell: Passwall
  4035 | D:5      | Entered Level 5 of the Dungeon
  4055 | D:5      | Found Wippan Opla's Weapon Shop.
  4079 | D:5      | Noticed a yak
  4080 | D:5      | Noticed a yak
  4081 | D:5      | Noticed a yak
  4094 | D:4      | Killed a yak
  4095 | D:4      | Reached skill level 1 in Transmutations
  4095 | D:4      | Reached skill level 1 in Earth Magic
  4095 | D:4      | Reached XP level 8. HP: 34/64 MP: 8/8
  4327 | D:5      | Reached *** piety under Dithmenos
  4790 | D:5      | Identified the +0 pair of boots of Fugotew {rElec}
  4827 | D:5      | Noticed a yak
  4890 | D:5      | Found a radiant altar of Vehumet.
  5062 | D:6      | Noticed Duvessa
  5062 | D:6      | Noticed Dowan
  5077 | D:6      | Killed Duvessa
  5089 | D:6      | Killed Dowan
  5273 | D:6      | Found an ornate altar of the Wu Jian Council.
  5341 | D:6      | Identified the +0 robe "Lufeogoy" {-Tele Str+6 Archmagi}
  5517 | D:6      | Reached XP level 9. HP: 22/71 MP: 9/9
  5947 | D:6      | Reached skill level 5 in Polearms
  6798 | D:7      | Noticed Pikel
  6835 | D:7      | Killed Pikel
  6836 | D:7      | Reached skill level 5 in Earth Magic
  7136 | D:7      | Found a staircase to the Ecumenical Temple.
  7256 | D:7      | HP: 2/60 [vampire (2)]
  7268 | D:7      | Killed from afar by a vampire

Illustrated notes

Levels and vault maps discovered:
D:1:      dpeg_arrival_rooms_c, layout_rooms, serial_forest,
          infiniplex_forest_join, infiniplex_forest_lined_1,
          infiniplex_forest_lined_2, infiniplex_forest_end_3,
          infiniplex_forest_clump_double, infiniplex_forest_lined_4_way,
          infiniplex_forest_lined_3, infiniplex_forest_clump_C,
          infiniplex_forest_lined_corner, infiniplex_forest_clump_tiny,
          ebering_ecumenical_altar_abandoned, hex_intersection
D:2:      layout_rooms
D:3:      layout_loops_corners, ebering_ghost_sewer_f
D:4:      layout_loops_corners, mainiacjoe_overflow_surrounded_room,
          serial_shops, shop, hangedman_decor_peaks_small
D:5:      layout_gridville, vehumet_statue, serial_shops, shop
D:6:      layout_loops_ring, nicolae_wu_jian_glorious_leap, uniq_duvessa
D:7:      layout_rooms, beargit_hepliaklqana_dungeon_heroes,
          minmay_temple_entry_waves, uniq_pikel

Skill      XL: |  1  2  3  4  5  6  7  8  9 |
---------------+----------------------------+-----
Shields        | 4 |  4.0
Stealth        | 1 2 3 4 5 6 7 |  7.8
Fighting       | 4 5 6 7 |  7.6
Polearms       | 2 3 4 5 |  5.6
Transmutations | 1 3 4 |  4.8
Earth Magic    | 1 3 5 |  5.2
Staves         | |  2.9
Armour         | |  3.6

Action                   |  1- 3 |  4- 6 |  7- 9 || total
-------------------------+-------+-------+-------++-------
Melee: Quarterstaff      |   164 |    18 |       ||   182
       Halberd           |       |    46 |   349 ||   395
Throw: Throwing net      |       |     1 |       ||     1
 Cast: Passwall          |       |       |     3 ||     3
 Abil: Dig               |       |       |     8 ||     8
  Use: Scroll            |       |     4 |    10 ||    14
       Potion            |       |     1 |     3 ||     4
 Stab: Sleeping          |     3 |     2 |     9 ||    14
       Distracted        |       |     1 |       ||     1
Armor: Scale mail        |    22 |       |       ||    22
       Leather armour    |    15 |    31 |   188 ||   234
Dodge: Dodged            |    57 |    34 |   217 ||   308
Block: Buckler           |    27 |    13 |    82 ||   122
